 Dungeon Crawl Stone Soup version 0.29.1 (webtiles) character file.

Game seed: 2485753595655695194

17 greasedhog the Blocker (level 2, -3/20 HPs)
             Began as a Gnoll Wanderer on Sept 14, 2022.
             Slain by a gnoll
             ... wielding a +0 club
              (6 damage)
             ... on level 1 of the Dungeon.
             The game lasted 00:00:40 (563 turns).

greasedhog the Blocker (Gnoll Wanderer)              Turns: 563, Time: 00:00:41

Health: -3/20      AC:  2    Str:  8    XL:     2   Next: 62%
Magic:  5/5        EV: 11    Int: 10    God:
Gold:   0          SH:  7    Dex: 15    Spells: 5/6 levels left

rFire   + . .      SeeInvis .   a - +2 dagger
rCold   + . .      Faith    .   c - +0 buckler
rNeg    . . .      Spirit   .   e - +0 robe
rPois   .          Reflect  .   (no helmet)
rElec   .          Harm     .   g - scarf {rC+ rF+}
rCorr   .          Rampage  .   (no gloves)
Will    .....                   (no boots)
Stlth   +++.......              (no amulet)
HPRegen 0.06/turn               (no ring)
MPRegen 0.09/turn               (no ring)

@: no status effects
A: fangs 1, strong nose, distributed training
a: no special abilities


You were on level 1 of the Dungeon.
You visited 1 branch of the dungeon, and saw 1 of its levels.

Inventory:

Hand Weapons
 a - a +2 dagger (weapon)
Armour
 c - a +0 buckler (worn)
 e - a +0 robe (worn)
 g - a scarf of resistance (worn)
Scrolls
 b - a scroll of blinking
 f - a scroll of identify {unknown}
 h - a scroll of immolation {unknown}
Potions
 d - a potion of might


   Skills:
 + Level 0.5 Fighting
 + Level 0.5 Short Blades
 + Level 0.5 Long Blades
 + Level 0.5 Axes
 + Level 0.5 Maces & Flails
 + Level 0.5 Polearms
 + Level 0.5 Staves
 + Level 0.5 Ranged Weapons
 + Level 2.5 Throwing
 + Level 0.5 Armour
 + Level 0.5 Dodging
 + Level 4.1 Stealth
 + Level 10.4 Shields
 + Level 0.5 Unarmed Combat
 + Level 2.7 Spellcasting
 + Level 0.3 Conjurations
 + Level 0.3 Hexes
 + Level 0.3 Summonings
 + Level 0.3 Necromancy
 + Level 0.3 Translocations
 + Level 0.3 Transmutations
 + Level 0.3 Fire Magic
 + Level 0.3 Ice Magic
 + Level 0.3 Air Magic
 + Level 0.3 Earth Magic
 + Level 2.0 Poison Magic
 + Level 0.6 Invocations
 + Level 0.5 Evocations


You had 5 spell levels left.
You knew the following spells:

 Your Spells              Type           Power      Damage    Failure   Level
a - Sting                 Tmut/Pois      12%        1d3       22%         1

Your spell library contained the following spells:

 Spells                   Type           Power      Damage    Failure   Level
 Spider Form              Tmut/Pois      3%         N/A       54%         3


Dungeon Overview and Level Annotations

Branches:
Dungeon (1/15)

Altars:


Innate Abilities, Weirdness & Mutations

You have very sharp teeth.
Your uncanny sense of smell can sniff out nearby items.
Your experience applies equally to all skills.


Message History

You closely miss the gnoll. The jackal bites you.
The gnoll hits you with a +0 club! The jackal barely misses you.
There are monsters nearby!
There are monsters nearby!
You are too injured to fight recklessly!
You are too injured to fight recklessly!
You are too injured to fight recklessly!
You are too injured to fight recklessly!
You are too injured to fight recklessly!
You are too injured to fight recklessly!
The jackal attacks as you move away! The jackal closely misses you.
The jackal attacks as you move away! The jackal barely misses you.
You block the jackal's attack. The bat attacks as you move away!
The bat closely misses you. x2
The bat hits you. You block the bat's attack.
The gnoll attacks as you move away! You block the gnoll's attack.
The bat hits you but does no damage. You block the jackal's attack.
The gnoll attacks as you move away! The gnoll misses you.
You hit the gnoll. Your bite misses the gnoll.
The gnoll is lightly wounded.
You block the gnoll's attack.
You hit the gnoll.
The gnoll is heavily wounded.
The gnoll hits you but does no damage.
You hit the gnoll.
The gnoll is heavily wounded.
The gnoll hits you with a +0 club.
* * * LOW HITPOINT WARNING * * *
You closely miss the gnoll.
The gnoll is heavily wounded.
The gnoll hits you with a +0 club.
* * * LOW HITPOINT WARNING * * *
You barely miss the gnoll.
The gnoll is heavily wounded.
You block the gnoll's attack.
You barely miss the gnoll. You bite the gnoll.
The gnoll is severely wounded.
The gnoll hits you with a +0 club.
You die...

### .. #.
##+####.##########.#
#....##..>...).....#
#....###............
#####...lhg@............
###........b##..##########
#...###.....##..#
#.........##..#
...###.....+...# ∆
#......###.# (?.#....# #†#
#..?##.#.## #.# #≈≈≈#≈≈≈#
...#. #.#.# #†# #≈≈≈#≈≈≈#


You could see a gnoll, a jackal, a bat and a frilled lizard.

Vanquished Creatures
  3 goblins (D:1)
  3 hobgoblins (D:1)
  A quokka (D:1)
  3 ball pythons (D:1)
  2 frilled lizards (D:1)
  A kobold (D:1)
  4 rats (D:1)
17 creatures vanquished.

Notes
Turn   | Place    | Note
-------+----------+-------------------------------------------
     0 | D:1      | Reached skill level 10 in Shields
     0 | D:1      | greasedhog the Gnoll Wanderer began the quest for the Orb.
     0 | D:1      | greasedhog set off with the following items: a +2 dagger, a
                  | scroll of blinking, a +0 buckler, a potion of might, a +0
                  | robe; and the following spell memorised: Sting; and the
                  | following spells available to memorise: Spider Form.
     0 | D:1      | Reached XP level 1. HP: 13/13 MP: 4/4
   286 | D:1      | Found a faded altar of an unknown god.
   296 | D:1      | Reached XP level 2. HP: 12/19 MP: 5/5
   563 | D:1      | Slain by a gnoll

Illustrated notes

Levels and vault maps discovered:
D:1:      dpeg_arrival_water_fire, layout_basic,
          dreamdust_ecumenical_altar_statues, minmay_tetromino_t4

Skill      XL: |  1 |
---------------+----+-----
Shields        | | 10.4
Poison Magic   | 2 |  2.0
Fighting       | |  0.5
Short Blades   | |  0.5
Long Blades    | |  0.5
Axes           | |  0.5
Maces & Flails | |  0.5
Polearms       | |  0.5
Staves         | |  0.5
Ranged Weapons | |  0.5
Throwing       | |  2.5
Armour         | |  0.5
Dodging        | |  0.5
Stealth        | |  4.1
Unarmed Combat | |  0.5
Spellcasting   | |  2.7
Conjurations   | |  0.3
Hexes          | |  0.3
Summonings     | |  0.3
Necromancy     | |  0.3
Translocations | |  0.3
Transmutations | |  0.3
Fire Magic     | |  0.3
Ice Magic      | |  0.3
Air Magic      | |  0.3
Earth Magic    | |  0.3
Invocations    | |  0.6
Evocations     | |  0.5

Action                   || total
-------------------------++-------
Melee: Dagger            ||    33
       Bite              ||     1
 Stab: Sleeping          ||     5
Armor: Robe              ||     6
Dodge: Dodged            ||    13
Block: Buckler           ||    10
